 Dungeon Crawl Stone Soup version 0.20-a0-208-g55166f7 (webtiles) character file.

46 patrickswayze the Sneak (level 3, -1/22 HPs)
             Began as a Deep Elf Chaos Knight on Nov 25, 2016.
             Slain by Terence
             ... wielding a +2 flail of crushing
              (9 damage)
             ... on level 2 of the Dungeon.
             The game lasted 00:02:08 (1700 turns).

patrickswayze the Sneak (Deep Elf Chaos Knight)     Turns: 1700, Time: 00:02:08

Health: -1/22      AC:  5    Str:  9    XL:     3   Next: 44%
Magic:  5/5        EV: 12    Int: 16    God:    Xom [...*..]
Gold:   61         SH:  0    Dex: 15    Spells: 2/2 levels left

rFire  . . .     SeeInvis .     a - +0 short sword (chaos)
rCold  . . .     Gourm    .     b - +2 leather armour
rNeg   . . .     Faith    .     (no shield)
rPois  .         Spirit   .     (no helmet)
rElec  .         Reflect  .     (no cloak)
rCorr  .         Harm     .     (no gloves)
MR     .....                    (no boots)
Stlth  ++........               (no amulet)
                                (no ring)
                                (no ring)

@: no status effects
A: no striking features
a: Renounce Religion


You were on level 2 of the Dungeon.
You worshipped Xom.
You were a favourite toy of Xom.
You were not hungry.

You visited 1 branch of the dungeon, and saw 2 of its levels.

You collected 61 gold pieces.


   Skills:
 - Level 2.4 Fighting
 - Level 3.0 Short Blades
 - Level 0.7 Armour
 - Level 2.4 Dodging
 + Level 4.2 Stealth


You had 2 spell levels left.
You didn't know any spells.

Inventory:

Hand Weapons
 a - a +0 short sword of chaos (weapon)
Armour
 b - a +2 leather armour (worn)
Scrolls
 e - a scroll of remove curse
 h - a scroll of immolation {unknown}
Comestibles
 c - 4 bread rations
 d - 2 meat rations
 g - a beef jerky


Message History

You barely miss Terence. Terence misses you.
You hit Terence.
Terence is lightly wounded.
Terence closely misses you.
You hit Terence.
Terence is moderately wounded.
Terence hits you with a flail of crushing.
You hit Terence but do no damage.
Terence seems to speed up.
Terence is moderately wounded.
Terence hits you but does no damage.
You hit Terence but do no damage.
Terence is moderately wounded.
Terence hits you with a flail of crushing.
Terence hits you with a flail of crushing.
Terence barely misses you.
As you read the scroll labeled LAJAYZ ONYIG, it crumbles to dust.
You feel blessed for a moment.
It was a scroll of remove curse.
Terence hits you with a flail of crushing!
You die...
Xom guffaws!

#.#.## #.#..# #.##.##
#.##..###### #........).#
#..###.#.#)# #...#..###.# ###
#..###.#.#.## ...####
#..@@.8.(...# ......#
#..#(#(###..# ......###
#..###.(#...######### ......()#
#..#.#.###........... ......#.##
#...........########.
###(..#..####..####.#...#......#.
#....###................#.####.#.
#...).........####....#.#....#.#.
....................<.........>..


You could see Terence.

Vanquished Creatures
  A gnoll (D:2)
  2 giant cockroaches
  7 goblins
  5 hobgoblins
  5 kobolds
  A ball python (D:2)
  4 bats
  4 frilled lizards
  4 rats
33 creatures vanquished.

Vanquished Creatures (others)
  A kobold (D:2)
1 creature vanquished.

Grand Total: 34 creatures vanquished

Notes
Turn   | Place    | Note
-------+----------+-------------------------------------------
     0 | D:1      | patrickswayze the Deep Elf Chaos Knight began the quest for the Orb.
     0 | D:1      | Reached XP level 1. HP: 13/13 MP: 3/3
   203 | D:1      | Reached skill level 1 in Stealth
   476 | D:1      | Reached skill level 2 in Stealth
   479 | D:1      | Reached XP level 2. HP: 18/18 MP: 4/4
   821 | D:1      | Reached skill level 3 in Stealth
   847 | D:2      | Noticed a dagger
   849 | D:2      | Noticed a hand axe
   864 | D:2      | Found a hide-covered altar of Uskayaw.
   884 | D:2      | Noticed Terence
   890 | D:2      | XOM: butterfly on damage
   911 | D:2      | XOM: summons 4 hostile shadow creatures
  1202 | D:2      | Reached XP level 3. HP: 22/22 MP: 5/5
  1307 | D:2      | Found a basalt altar of Yredelemnul.
  1366 | D:2      | Reached skill level 4 in Stealth
  1381 | D:2      | XOM: medium Pois miscast
  1406 | D:2      | XOM: divine lightning (protected)
  1700 | D:2      | Slain by Terence

Vault maps used:
D:1:      dpeg_cavernosity
D:2:      dancing_weapons_uskayaw, nicolae_overflow_crystal_walls,
          minmay_heptomino_h4, uniq_terence

Action                   || total
-------------------------++-------
Melee: Short sword       ||    98
  Use: Scroll            ||     1
 Stab: Sleeping          ||     2
       Paralysed         ||     1
  Eat: Chunk             ||     2
Armor: Leather armour    ||    35
Dodge: Dodged            ||    60
